AoeStats
← Axolot

Arena

504658553Analyzed
3v3 RM · 26d ago on Sep 6, 2026· 42m 25s· 6 players
Game mode
Random Map
Map size
Normal (6 player)
Population
200
Speed
Normal
Resources
Standard
Victory
Conquest
Starting age
Dark Age
Ending age
Imperial Age
RankedLock teamsTeams togetherTeam positionsShared explorationLock speedFull tech treeHidden civsTurbo modeCheats
Victory
Defeat
🇺🇸 Japanese · United States
1483
+15
🇭🇰 Franks · Hong Kong SAR China
1480
+15
🇲🇽 Teutons · Mexico
1411
+18
🇨🇱 Bohemians · Chile
1525
-19
🇦🇷 Mongols · Argentina
1440
-15
🇦🇷 Khmer · Argentina
1404
-14
Axolot
9:02 Feudal Age
9:23 Loom
10:47 Fletching
11:47 Double-Bit Axe
12:13 Horse Collar
17:44 Wheelbarrow
21:24 Castle Age
19:45 Gold Mining
24:26 Wheelbarrow
29:24 Heavy Plow
29:43 Hand Cart
34:15 Imperial Age
33:09 Ballistics
33:27 Gold Shaft Mining
34:39 Fortified Wall
35:25 Drill
34:55 Town Watch
35:39 Siege Engineers
35:44 Heavy Scorpion
39:56 Chemistry
[VA] Ziptrok
10:36 Feudal Age
14:45 Castle Age
13:16 Double-Bit Axe
16:04 Bow Saw
22:31 Wheelbarrow
23:29 Fervor
23:58 Hand Cart
28:59 Imperial Age
26:53 Pikeman
27:34 Squires
29:08 Chemistry
28:20 Scale Mail Armor
28:30 Forging
29:07 Horse Collar
29:01 Halberdier
30:39 Chain Mail Armor
31:02 Town Watch
32:15 Iron Casting
32:13 Plate Mail Armor
32:25 Heavy Plow
34:09 Loom
34:48 Siege Engineers
34:54 Padded Archer Armor
35:30 Iron Casting
35:02 Treadmill Crane
35:13 Arson
36:58 Conscription
36:53 Houfnice
38:53 Leather Archer Armor
40:14 Hussite Reforms
Dino_Mate
8:11 Loom
10:35 Feudal Age
12:37 Double-Bit Axe
16:21 Fletching
23:08 Castle Age
22:01 Stone Mining
24:19 Padded Archer Armor
24:21 Bodkin Arrow
33:58 Wheelbarrow
33:50 Bow Saw
35:46 Gold Mining
39:40 Imperial Age
39:01 Forging
38:52 Scale Mail Armor
40:29 Iron Casting
40:48 Chain Mail Armor
40:20 Pikeman
42:00 Double Crossbow
41:50 Horse Collar
43:39 Chemistry
Bjorn Ironside
6:39 Loom
9:37 Feudal Age
10:12 Double-Bit Axe
10:49 Fletching
22:22 Stone Mining
23:31 Horse Collar
26:25 Wheelbarrow
33:34 Castle Age
31:38 Gold Mining
34:11 Bodkin Arrow
34:31 Bow Saw
34:22 Heavy Plow
34:58 Stone Shaft Mining
34:53 Guard Tower
39:07 Fortified Wall
Game project 0001
7:10 Loom
10:10 Feudal Age
15:42 Castle Age
13:58 Double-Bit Axe
17:10 Bow Saw
22:02 Wheelbarrow
24:10 Town Watch
25:48 Scale Barding Armor
25:59 Husbandry
28:49 Imperial Age
27:31 Chain Barding Armor
28:58 Forging
29:12 Gold Mining
28:55 Cavalier
31:08 Plate Barding Armor
31:25 Forging
32:02 Paladin
36:21 Devotion
38:24 Town Patrol
39:06 Gold Shaft Mining
38:21 Stone Mining
Gush
10:36 Feudal Age
10:03 Loom
11:45 Double-Bit Axe
11:53 Horse Collar
12:38 Fletching
18:50 Castle Age
19:44 Bodkin Arrow
20:08 Bow Saw
23:20 Heavy Plow
25:28 Wheelbarrow
27:50 Gold Mining
31:50 Imperial Age
29:27 Padded Archer Armor
30:03 Stone Mining
30:47 Leather Archer Armor
32:14 Hand Cart
32:36 Bracer
32:58 Conscription
33:02 Ballistics
33:51 Ring Archer Armor
34:28 Chemistry
34:13 Parthian Tactics
34:40 Thumb Ring
34:50 Bloodlines
34:41 Husbandry
34:46 Heavy Cavalry Archer
35:16 Treadmill Crane
37:07 Elite Skirmisher
38:20 Siege Engineers
39:54 Crossbowman
41:32 Kataparuto
41:16 Scale Mail Armor
42:12 Guard Tower
42:08 Arrowslits
41:52 Pikeman
42:33 Squires
Connection lost

Rejoining the realm…

Still unreachable

The connection could not be restored.

Session expired

The server has moved on; the page needs a fresh start.